 Dungeon Crawl Stone Soup version 0.31-a0-1616-gbeaec30b81 (webtiles) character file.

Game seed: 15764337749639186149

1086 CougarLife the Shield-Bearer (level 8, -7/67 HPs)
             Began as a Gnoll Fighter on Jan 10, 2024.
             Mangled by a two-headed ogre
             ... wielding a +0 giant club
              (16 damage)
             ... on level 5 of the Dungeon.
             The game lasted 00:05:13 (4069 turns).

CougarLife the Shield-Bearer (Gnoll Fighter)        Turns: 4069, Time: 00:05:13

Health: -7/67      AC: 10    Str: 16    XL:     8   Next: 30%
Magic:  12/12      EV: 10    Int: 10    God:
Gold:   318        SH:  5    Dex: 11    Spells: 13/13 levels left

rFire   . . .        a - +0 war axe
rCold   . . .        c - +0 buckler
rNeg    . . .        b - +0 scale mail
rPois   .            m - +0 helmet
rElec   .            u - +0 cloak
rCorr   .            (no gloves)
SInv    .            (no boots)
Will    .....        (no amulet)
Stlth   +            (no ring)
HPRegen 0.31/turn    (no ring)
MPRegen 0.13/turn

%: no passive effects
@: no status effects
A: fangs 1, strong nose, distributed training
a: no special abilities


You were on level 5 of the Dungeon.
You visited 1 branch of the dungeon, and saw 5 of its levels.

You collected 318 gold pieces.

Inventory:

Hand Weapons
 a - a +0 war axe (weapon)
Missiles
 j - 8 poisoned darts (quivered)
 r - a throwing net
Armour
 b - a +0 scale mail (worn)
 c - a +0 buckler (worn)
 m - a +0 helmet (worn)
 u - a +0 cloak (worn)
Scrolls
 f - a scroll of poison {unknown}
 l - 2 scrolls of identify {unknown}
 n - a scroll of immolation {unknown}
 o - 2 scrolls of fog {unknown}
 s - a scroll of teleportation {unknown}
 t - a scroll of vulnerability {unknown}
 v - a scroll of blinking {unknown}
 w - a scroll of fear {unknown}
Potions
 d - a potion of might
 e - 5 potions of curing {unknown}
 g - a potion of magic {unknown}
 h - 2 potions of attraction {unknown}
 i - 2 potions of degeneration {unknown}
 k - 2 potions of lignification {unknown}
 p - a potion of heal wounds {unknown}
 q - a potion of brilliance {unknown}


   Skills:
 + Level 7.4 Fighting
 + Level 3.2 Short Blades
 + Level 3.2 Long Blades
 + Level 5.7 Axes
 + Level 3.2 Maces & Flails
 + Level 3.2 Polearms
 + Level 3.2 Staves
 + Level 3.2 Ranged Weapons
 + Level 3.2 Throwing
 + Level 7.4 Armour
 + Level 3.2 Dodging
 + Level 3.2 Stealth
 + Level 7.4 Shields
 + Level 3.2 Unarmed Combat
 + Level 3.2 Spellcasting
 + Level 2.6 Conjurations
 + Level 2.6 Hexes
 + Level 2.6 Summonings
 + Level 2.6 Necromancy
 + Level 2.6 Translocations
 + Level 2.6 Fire Magic
 + Level 2.6 Ice Magic
 + Level 2.6 Air Magic
 + Level 2.6 Earth Magic
 + Level 2.6 Alchemy
 + Level 3.6 Invocations
 + Level 3.2 Evocations
 + Level 3.0 Shapeshifting


You had 13 spell levels left.
You didn't know any spells.
Your spell library was empty.

Dungeon Overview and Level Annotations

Branches:
Dungeon (5/15)
 Temple: D:4-7

Altars:


Innate Abilities, Weirdness & Mutations

You have very sharp teeth.
Your uncanny sense of smell can sniff out nearby items.
Your experience applies equally to all skills.


Message History

Press: ? - help, Q - select action, (/) - cycle Shift-Dir - straight line, f - two-headed ogre
Aim: a two-headed ogre, wielding a +0 giant club and a +0 dire flail (73% to hit)
You throw a poisoned dart.
The poisoned dart hits the two-headed ogre.
The two-headed ogre is poisoned.
Throw: 12 darts (poison)
Press: ? - help, Q - select action, (/) - cycle Shift-Dir - straight line, f/p - two-headed ogre
Aim: a two-headed ogre, wielding a +0 giant club and a +0 dire flail (poisoned, 73% to hit)
You throw a poisoned dart.
The poisoned dart hits the two-headed ogre.
The two-headed ogre looks even sicker.
Throw: 11 darts (poison)
Press: ? - help, Q - select action, (/) - cycle Shift-Dir - straight line, f/p - two-headed ogre
Aim: a two-headed ogre, wielding a +0 giant club and a +0 dire flail (lightly wounded, very poisoned, 73% to hit)
You throw a poisoned dart.
The poisoned dart hits the two-headed ogre!
The two-headed ogre looks as sick as possible!
The two-headed ogre is lightly wounded.
Throw: 10 darts (poison)
Press: ? - help, Q - select action, (/) - cycle Shift-Dir - straight line, f/p - two-headed ogre
Aim: a two-headed ogre, wielding a +0 giant club and a +0 dire flail (moderately wounded, very poisoned, 73% to hit)
You throw a poisoned dart.
The poisoned dart hits the two-headed ogre.
The two-headed ogre looks as sick as possible!
The two-headed ogre is moderately wounded.
Throw: 9 darts (poison)
Press: ? - help, Q - select action, (/) - cycle Shift-Dir - straight line, f/p - two-headed ogre
Aim: a two-headed ogre, wielding a +0 giant club and a +0 dire flail (heavily wounded, very poisoned, 73% to hit)
You throw a poisoned dart.
The poisoned dart closely misses the two-headed ogre.
The two-headed ogre attacks as it pursues you!
The two-headed ogre hits you with a +0 giant club!!
The two-headed ogre hits you with a +0 dire flail.
The two-headed ogre hits you with a +0 giant club!
The two-headed ogre hits you with a +0 dire flail!
* * * LOW HITPOINT WARNING * * *
You barely miss the two-headed ogre.
The two-headed ogre is severely wounded.
The two-headed ogre hits you with a +0 giant club!
You die...

##⌠.<.⌠#######
######.......#....#
#....#.>.⌠........##
#....#.......#......
#....##⌠.>.⌠##......
#.....##...##.......
###......#####........
#.'.<.................
#.#..@O......(.(......
#.#.................##
#.#.................#
#.#########.###'#####
#.# #...#.....#.# #.#
#...#.....#.#
#.###...#.....#.#
#...'.....#...#.#
#####...#.#.÷...#


You could see a two-headed ogre (very poisoned).

Vanquished Creatures
  Grinder (D:4)
  Sigmund (D:3)
  An ice beast (D:5)
  A bullfrog (D:4)
  A scorpion (D:4)
  A bombardier beetle (D:4)
  An orc priest (D:4)
  2 hounds
  Crazy Yiuf (D:3)
  Jessica (D:2)
  Terence (D:3)
  3 iguanas
  2 orc wizards (D:3)
  Robin (D:3)
  7 gnolls
  A dart slug (D:4)
  9 orcs
  7 endoplasms
  2 giant cockroaches
  13 goblins
  13 hobgoblins
  7 jackals
  A quokka (D:1)
  5 ball pythons
  7 bats
  A frilled lizard (D:1)
  7 kobolds
  6 rats
104 creatures vanquished.

Notes
Turn   | Place    | Note
-------+----------+-------------------------------------------
     0 | D:1      | CougarLife the Gnoll Fighter began the quest for the Orb.
     0 | D:1      | Reached XP level 1. HP: 23/23 MP: 1/1
   297 | D:1      | Reached XP level 2. HP: 29/29 MP: 2/2
   982 | D:2      | Noticed Jessica
   995 | D:2      | Reached skill level 1 in Short Blades
   995 | D:2      | Reached skill level 1 in Long Blades
   995 | D:2      | Reached skill level 1 in Maces & Flails
   995 | D:2      | Reached skill level 1 in Polearms
   995 | D:2      | Reached skill level 1 in Staves
   995 | D:2      | Reached skill level 1 in Ranged Weapons
   995 | D:2      | Reached skill level 1 in Throwing
   995 | D:2      | Reached skill level 1 in Dodging
   995 | D:2      | Reached skill level 1 in Stealth
   995 | D:2      | Reached skill level 1 in Unarmed Combat
   995 | D:2      | Reached skill level 1 in Spellcasting
   995 | D:2      | Reached skill level 1 in Invocations
   995 | D:2      | Reached skill level 1 in Evocations
   995 | D:2      | Reached XP level 3. HP: 30/35 MP: 2/4
  1036 | D:2      | Killed Jessica
  1037 | D:2      | Reached skill level 1 in Shapeshifting
  1037 | D:2      | Reached XP level 4. HP: 41/41 MP: 5/5
  1103 | D:2      | Reached skill level 1 in Conjurations
  1103 | D:2      | Reached skill level 1 in Hexes
  1103 | D:2      | Reached skill level 1 in Summonings
  1103 | D:2      | Reached skill level 1 in Necromancy
  1103 | D:2      | Reached skill level 1 in Translocations
  1103 | D:2      | Reached skill level 1 in Fire Magic
  1103 | D:2      | Reached skill level 1 in Ice Magic
  1103 | D:2      | Reached skill level 1 in Air Magic
  1103 | D:2      | Reached skill level 1 in Earth Magic
  1103 | D:2      | Reached skill level 1 in Alchemy
  1476 | D:2      | Found a faded altar of an unknown god.
  1570 | D:3      | Reached XP level 5. HP: 47/47 MP: 5/7
  1691 | D:3      | Noticed Robin
  1731 | D:3      | Killed Robin
  1751 | D:3      | Noticed Terence
  1761 | D:3      | Killed Terence
  1988 | D:3      | Noticed Sigmund
  2026 | D:3      | Killed Sigmund
  2027 | D:3      | Reached skill level 5 in Axes
  2027 | D:3      | Reached XP level 6. HP: 9/53 MP: 7/9
  2243 | D:3      | Found a runed translucent door.
  2244 | D:3      | Noticed Crazy Yiuf
  2595 | D:3      | Killed Crazy Yiuf
  2596 | D:3      | Reached XP level 7. HP: 57/60 MP: 10/10
  2957 | D:4      | Noticed Grinder
  2962 | D:4      | Paralysed by Grinder for 2 turns
  2977 | D:4      | Killed Grinder
  3219 | D:4      | Reached XP level 8. HP: 64/67 MP: 12/12
  3741 | D:5      | Entered Level 5 of the Dungeon
  4043 | D:5      | Noticed a two-headed ogre
  4069 | D:5      | Mangled by a two-headed ogre

Illustrated notes

Levels and vault maps discovered:
D:1:      sevenhm_arrival_forest_fort_small_5, layout_basic
D:2:      layout_basic, hellmonk_ecumenical_altar_dog_temple, uniq_jessica
D:3:      layout_basic, uniq_robin, uniq_terence, uniq_crazy_yiuf_cottage,
          uniq_sigmund
D:4:      layout_cave_pods, hangedman_feature_mirror, uniq_grinder
D:5:      layout_basic, grunt_ministairs_7

Skill      XL: |  1  2  3  4  5  6  7  8 |
---------------+-------------------------+-----
Short Blades   | 1 2 3 |  3.2
Long Blades    | 1 2 3 |  3.2
Maces & Flails | 1 2 3 |  3.2
Polearms       | 1 2 3 |  3.2
Staves         | 1 2 3 |  3.2
Ranged Weapons | 1 2 3 |  3.2
Throwing       | 1 2 3 |  3.2
Dodging        | 1 2 3 |  3.2
Stealth        | 1 2 3 |  3.2
Unarmed Combat | 1 2 3 |  3.2
Spellcasting   | 1 2 3 |  3.2
Invocations    | 1 2 3 |  3.6
Evocations     | 1 2 3 |  3.2
Shapeshifting  | 1 2 3 |  3.0
Conjurations   | 1 2 |  2.6
Hexes          | 1 2 |  2.6
Summonings     | 1 2 |  2.6
Necromancy     | 1 2 |  2.6
Translocations | 1 2 |  2.6
Fire Magic     | 1 2 |  2.6
Ice Magic      | 1 2 |  2.6
Air Magic      | 1 2 |  2.6
Earth Magic    | 1 2 |  2.6
Alchemy        | 1 2 |  2.6
Axes           | 5 |  5.7
Fighting       | 7 |  7.4
Armour         | 7 |  7.4
Shields        | 7 |  7.4

Action                     |  1- 3 |  4- 6 |  7- 9 || total
---------------------------+-------+-------+-------++-------
  Melee: War axe           |    47 |   172 |   101 ||   320
         Bite              |     2 |    18 |    13 ||    33
  Throw: Dart              |     3 |       |    20 ||    23
 Armour: Scale mail        |    33 |   121 |    66 ||   220
  Dodge: Dodged            |    22 |    69 |    48 ||   139
  Block: Buckler           |    13 |    52 |    22 ||    87

Table legend: (Time is in decaauts)
 A = Elapsed time spent in this place.
 B = Non-inter-level travel time spent in this place.
 C = Inter-level travel time spent in this place.
 D = Time resting spent in this place.
 E = Time spent auto-exploring this place.
 F = Levels seen in this place.
 G = Mean time per level.
                   A        B        C        D        E       F      G
               +--------+--------+--------+--------+--------+-----+--------+
         Total |   4167 |   4058 |    109 |    736 |   2462 |   5 |  833.4 |
       Dungeon |   4167 |   4058 |    109 |    736 |   2462 |   5 |  833.4 |
               +--------+--------+--------+--------+--------+-----+--------+

Top non-repeatable levels by time:
     D:3: 1249 daAuts
     D:4: 993 daAuts
     D:2: 848 daAuts
     D:1: 742 daAuts
     D:5: 333 daAuts
